Maple Leafs vs Capitals

Created - June 25, 2025 at 19:23

Goals
1 2 3 T
Maple Leafs 0 3 2 5
Capitals 2 1 0 3
Shots
1 2 3 T
Maple Leafs 5 17 12 34
Capitals 16 10 8 34

1st period

1. Capitals , Nicklas Backstrom 6 (Taylor Hall 19) at 5:06 (PP)
2. Capitals , Bobby Ryan 5 (Joe Colborne 8) at 5:41

Penalties :
Elias Pettersson (TOR) for Cross-checking (Minor) at 5:01, Jeff Skinner (Was) for Slashing (Minor) at 15:47

2nd period

3. Capitals , Phil Kessel 4 (Mike Green 5) at 4:01
4. Maple Leafs , John Klingberg 2 (Andre Burakovsky 8, Evander Kane 10) at 7:00 (PP)
5. Maple Leafs , John Klingberg 3 (Jason Zucker 6, Elias Pettersson 11) at 13:42 (PP)
6. Maple Leafs , Bo Horvat 6 (Andre Burakovsky 9, Jon Merrill 9) at 16:42

Penalties :
Mike Green (Was) for Tripping (Minor) at 6:43, Zach Werenski (TOR) for Tripping (Minor) at 9:52, Colten Teubert (Was) for Interference (Minor) at 12:05

3rd period

7. Maple Leafs , Zach Werenski 3 (Aleksi Saarela 3) at 10:26
8. Maple Leafs , William Nylander 2 (Elias Pettersson 12, Jason Zucker 7) at 13:39

Penalties :
Luke Schenn (TOR) for Hooking (Minor) at 2:29, Cory Schneider (Was) for Slashing (Minor) at 17:49 - Bobby Ryan served the penalty

Goalie Stats

Kristers Gudlevskis (TOR), 31 saves from 34 shots - (0.912), W, 13-6-1, 60:00 minutes
Cory Schneider (Was), 29 saves from 34 shots - (0.853), L, 12-2-1, 60:00 minutes

Players Stats for Maple Leafs

Player Name              G  A  P  +/- PIM S  H  SB GA TA FO     MP     PP MP  PK MP  
------------------------------------------------------------------------------------
Aleksi Saarela           0  1  1   1  0   0  0  0  0  0  3/4     8:23   0:00   0:11 
Andre Burakovsky         0  2  2   1  0   4  0  0  0  0  0/0    20:03   2:15   0:00 
Bo Horvat                1  0  1   1  0   3  0  0  2  1  12/30  22:16   2:15   2:13 
Brandon Saad             0  0  0  -1  0   0  1  1  0  0  0/0    11:42   0:25   0:43 
Brendan Guhle            0  0  0   0  0   0  1  0  0  0  0/0    12:05   0:00   0:34 
Elias Pettersson         0  2  2   0  2   4  1  0  1  0  6/16   18:27   3:20   1:26 
Evander Kane             0  1  1   1  0   7  4  0  0  0  0/1    22:19   2:15   2:16 
Haydn Fleury             0  0  0   0  0   0  0  0  0  1  0/0    13:25   0:00   1:59 
Jason Zucker             0  2  2   0  0   0  2  0  1  0  0/2    17:54   3:20   0:52 
John Klingberg           2  0  2   0  0   3  2  1  0  0  0/0    28:52   4:19   1:37 
Jon Merrill              0  1  1   1  0   1  1  0  0  1  0/0    19:03   1:33   1:52 
Luke Schenn              0  0  0   1  2   0  0  0  0  0  0/0    18:51   1:33   1:10 
Nicholas Baptiste        0  0  0   1  0   2  1  0  0  0  0/0     8:29   0:17   0:00 
Patrice Cormier          0  0  0  -1  0   1  0  0  0  0  3/7    10:08   0:00   0:00 
Pontus Aberg             0  0  0  -1  0   2  1  0  0  0  0/0    10:08   0:00   0:00 
Valentin Zykov           0  0  0   1  0   1  0  0  0  0  0/0     8:10   0:09   0:00 
William Nylander         1  0  1   0  0   2  2  0  0  0  2/2    18:16   3:20   0:59 
Zach Werenski            1  0  1   0  2   4  3  2  2  3  0/0    27:23   4:19   0:20 

Players Stats for Capitals

Player Name              G  A  P  +/- PIM S  H  SB GA TA FO     MP     PP MP  PK MP  
------------------------------------------------------------------------------------
Alexei Marchenko         0  0  0   0  0   4  2  4  1  0  0/0    29:31   2:15   3:07 
Blake Pietila            0  0  0   0  0   3  1  0  1  0  0/1    10:35   0:00   0:34 
Bobby Ryan               1  0  1   1  0   1  2  0  0  1  0/0    15:46   1:50   0:00 
Brandon Burlon           0  0  0   0  0   1  0  1  1  0  0/0    12:20   0:00   1:11 
Brandon Gormley          0  0  0  -1  0   0  1  1  0  0  0/0    14:11   0:00   0:00 
Cody Hodgson             0  0  0   0  0   1  3  0  0  0  3/6    12:25   1:50   0:34 
Colten Teubert           0  0  0   0  2   0  3  1  0  3  0/0    15:06   1:48   1:34 
Jeff Skinner             0  0  0   0  2   0  2  1  1  0  0/0     8:42   0:00   0:00 
Joe Colborne             0  1  1   1  0   2  1  1  0  0  6/12   14:10   0:04   0:00 
Marko Dano               0  0  0   1  0   4  2  0  0  0  1/1    17:33   1:50   1:29 
Mike Green               0  1  1   0  2   3  2  0  0  0  0/0    25:28   2:15   2:34 
Nicklas Backstrom        1  0  1  -2  0   1  2  0  0  0  19/28  21:12   2:09   1:29 
Nicolas Aube-Kubel       0  0  0   0  0   1  1  1  0  0  0/0    10:00   0:00   0:00 
Patrick Kane             0  0  0  -2  0   5  6  0  1  1  5/9    23:28   2:13   3:49 
Phil Kessel              1  0  1   0  0   4  1  0  0  0  0/0     8:24   0:00   0:00 
Sergey Kalinin           0  0  0   0  0   0  1  1  0  0  1/2     8:24   0:00   0:00 
Shea Theodore            0  0  0  -1  0   0  2  4  1  1  0/0    23:22   1:48   3:18 
Taylor Hall              0  1  1  -2  0   4  2  1  0  0  1/3    23:28   2:13   3:49 

3 Stars

1 - John Klingberg (TOR)
2 - Jason Zucker (TOR)
3 - Bo Horvat (TOR)

Power Play

Maple Leafs - 2 on 4 Attempt(s) - 50.00%
Capitals - 1 on 3 Attempt(s) - 33.33%

Penalty Kill

Maple Leafs - 2 on 3 Attempt(s) - 66.67% - Score 0 goal in Penalty Kill
Capitals - 2 on 4 Attempt(s) - 50.00% - Score 0 goal in Penalty Kill

Team Stat

Maple Leafs - Hits : 19 - Faceoff Wins : 26 - Blocked Shots : 4 - Penalty Minutes : 6
Capitals - Hits : 34 - Faceoff Wins : 36 - Blocked Shots : 16 - Penalty Minutes : 8

Official

Referees : Kendrick Nicholson and Steve Kozari
Linesman : James Tobias and Brad Kovachik

Game Notes

16:42 of 2nd period - Maple Leafs goal is going for a video replay. After video review, Goal.

Finance

Level 1 -- Attendance: 6000 (100.00%) -- Ticket Income $600,000
Level 2 -- Attendance: 5000 (100.00%) -- Ticket Income $350,000
Level 3 -- Attendance: 2000 (100.00%) -- Ticket Income $80,000
Level 4 -- Attendance: 4000 (100.00%) -- Ticket Income $120,000
Luxury Box -- Attendance: 1000 (100.00%) -- Ticket Income $200,000
Game was played at the Capital One Arena.
Total Attendance: 18000 (100.00%)
Total Ticket Income: $1,350,000
Other Income: $202,500
Total Income: $1,552,500

Maple Leafs

5 vs 5 Forward 
   Center                   Left Wing                Right Wing               Time % Phy DF OF 
 1 Bo Horvat                Evander Kane             Andre Burakovsky         40     1   2  2  
 2 Elias Pettersson         Jason Zucker             William Nylander         30     1   2  2  
 3 Patrice Cormier          Brandon Saad             Pontus Aberg             20     1   2  2  
 4 Aleksi Saarela           Valentin Zykov           Nicholas Baptiste        10     1   2  2  

5 vs 5 Defense 
   Defense                  Defense                                           Time % Phy DF OF 
 1 Zach Werenski            John Klingberg                                    40     1   2  2  
 2 Jon Merrill              Luke Schenn                                       30     1   2  2  
 3 Haydn Fleury             Brendan Guhle                                     20     1   2  2  
 4 Zach Werenski            John Klingberg                                    10     1   2  2  

PowerPlay Forward 
   Center                   Left Wing                Right Wing               Time % Phy DF OF 
 1 Bo Horvat                Evander Kane             Andre Burakovsky         60     1   2  2  
 2 Elias Pettersson         Jason Zucker             William Nylander         40     1   2  2  

PowerPlay Defense
   Defense                  Defense                                           Time % Phy DF OF 
 1 Zach Werenski            John Klingberg                                    60     1   2  2  
 2 Jon Merrill              Luke Schenn                                       40     1   2  2  

Penalty Kill 4 Players Forward 
   Center                   Wing                     Time % Phy DF OF 
 1 Bo Horvat                Evander Kane             60     1   2  2  
 2 Elias Pettersson         Jason Zucker             40     1   2  2  

Penalty Kill 4 Players Defense
   Defense                  Defense                  Time % Phy DF OF 
 1 Zach Werenski            John Klingberg           60     1   2  2  
 2 Jon Merrill              Luke Schenn              40     1   2  2  

Penalty Kill - 3 Players Forward 
   Forward                                           Time % Phy DF OF 
 1 Bo Horvat                                         60     1   2  2  
 2 Elias Pettersson                                  40     1   2  2  

Penalty Kill - 3 Players Defense
   Defense                  Defense                  Time % Phy DF OF 
 1 Zach Werenski            John Klingberg           60     1   2  2  
 2 Jon Merrill              Luke Schenn              40     1   2  2  

4 vs 4 Forward 
   Center                   Wing                     Time % Phy DF OF 
 1 Bo Horvat                Evander Kane             60     1   2  2  
 2 Elias Pettersson         Jason Zucker             40     1   2  2  

4 vs 4 Defense
   Defense                  Defense                  Time % Phy DF OF 
 1 Zach Werenski            John Klingberg           60     1   2  2  
 2 Jon Merrill              Luke Schenn              40     1   2  2  

Last Minutes Offensive
   Center                   Left Wing                Right Wing               Defense                  Defense                  
   Bo Horvat                Evander Kane             Andre Burakovsky         Zach Werenski            John Klingberg           

Last Minutes Defensive
   Center                   Left Wing                Right Wing               Defense                  Defense                  
   Bo Horvat                Evander Kane             Andre Burakovsky         Zach Werenski            John Klingberg           

Goaltenders
Starting : Kristers Gudlevskis      
Backup : Carter Hutton            

Extra Forwards
Normal : William Nylander, Brandon Saad, Elias Pettersson - PP : William Nylander, Brandon Saad - PK : William Nylander
Extra Defensemen
Normal : Luke Schenn, Haydn Fleury, Brendan Guhle - PP : Luke Schenn - PK : Luke Schenn, Haydn Fleury
Penalty Shots
Evander Kane, Bo Horvat, Andre Burakovsky, Jason Zucker, William Nylander
Custom OT Lines Forwards
Evander Kane, Bo Horvat, Andre Burakovsky, Jason Zucker, William Nylander, Brandon Saad, Elias Pettersson, Pontus Aberg, Valentin Zykov, Nicholas Baptiste
Custom OT Lines Defensemen
Zach Werenski, John Klingberg, Jon Merrill, Luke Schenn, Haydn Fleury

Scratches
Elias Lindholm (Healthy)

Capitals

5 vs 5 Forward 
   Center                   Left Wing                Right Wing               Time % Phy DF OF 
 1 Nicklas Backstrom        Taylor Hall              Patrick Kane             40     0   1  4  
 2 Joe Colborne             Marko Dano               Bobby Ryan               30     0   1  4  
 3 Cody Hodgson             Blake Pietila            Nicolas Aube-Kubel       20     0   1  4  
 4 Sergey Kalinin           Jeff Skinner             Phil Kessel              10     0   2  3  

5 vs 5 Defense 
   Defense                  Defense                                           Time % Phy DF OF 
 1 Mike Green               Alexei Marchenko                                  40     0   3  2  
 2 Brandon Gormley          Shea Theodore                                     30     0   3  2  
 3 Colten Teubert           Brandon Burlon                                    20     0   3  2  
 4 Shea Theodore            Alexei Marchenko                                  10     0   3  2  

PowerPlay Forward 
   Center                   Left Wing                Right Wing               Time % Phy DF OF 
 1 Nicklas Backstrom        Taylor Hall              Patrick Kane             60     0   0  5  
 2 Cody Hodgson             Marko Dano               Bobby Ryan               40     0   0  5  

PowerPlay Defense
   Defense                  Defense                                           Time % Phy DF OF 
 1 Mike Green               Alexei Marchenko                                  60     0   2  3  
 2 Colten Teubert           Shea Theodore                                     40     0   2  3  

Penalty Kill 4 Players Forward 
   Center                   Wing                     Time % Phy DF OF 
 1 Patrick Kane             Taylor Hall              60     0   4  1  
 2 Nicklas Backstrom        Marko Dano               40     0   4  1  

Penalty Kill 4 Players Defense
   Defense                  Defense                  Time % Phy DF OF 
 1 Shea Theodore            Alexei Marchenko         60     0   4  1  
 2 Mike Green               Colten Teubert           40     0   4  1  

Penalty Kill - 3 Players Forward 
   Forward                                           Time % Phy DF OF 
 1 Patrick Kane                                      60     0   5  0  
 2 Taylor Hall                                       40     0   5  0  

Penalty Kill - 3 Players Defense
   Defense                  Defense                  Time % Phy DF OF 
 1 Mike Green               Alexei Marchenko         60     0   5  0  
 2 Colten Teubert           Shea Theodore            40     0   5  0  

4 vs 4 Forward 
   Center                   Wing                     Time % Phy DF OF 
 1 Patrick Kane             Taylor Hall              60     0   1  4  
 2 Nicklas Backstrom        Marko Dano               40     0   1  4  

4 vs 4 Defense
   Defense                  Defense                  Time % Phy DF OF 
 1 Shea Theodore            Alexei Marchenko         60     0   3  2  
 2 Mike Green               Colten Teubert           40     0   3  2  

Last Minutes Offensive
   Center                   Left Wing                Right Wing               Defense                  Defense                  
   Nicklas Backstrom        Taylor Hall              Patrick Kane             Mike Green               Alexei Marchenko         

Last Minutes Defensive
   Center                   Left Wing                Right Wing               Defense                  Defense                  
   Nicklas Backstrom        Taylor Hall              Patrick Kane             Mike Green               Alexei Marchenko         

Goaltenders
Starting : Cory Schneider           
Backup : Chet Pickard             

Extra Forwards
Normal : Taylor Hall, Patrick Kane, Marko Dano - PP : Taylor Hall, Patrick Kane - PK : Patrick Kane
Extra Defensemen
Normal : Mike Green, Shea Theodore, Alexei Marchenko - PP : Shea Theodore - PK : Alexei Marchenko, Mike Green
Penalty Shots
Patrick Kane, Taylor Hall, Nicklas Backstrom, Marko Dano, Jeff Skinner
Custom OT Lines Forwards
Patrick Kane, Taylor Hall, Nicklas Backstrom, Marko Dano, Jeff Skinner, Cody Hodgson, Blake Pietila, Joe Colborne, Bobby Ryan, Nicolas Aube-Kubel
Custom OT Lines Defensemen
Shea Theodore, Alexei Marchenko, Mike Green, Colten Teubert, Brandon Burlon

Scratches
None


% Time on Ice - Maple Leafs

Lines # - Real PCT - Wanted PCT - Time Play
Normal Forward
1 - 36% - 40% - 18:14
2 - 27% - 30% - 13:42
3 - 20% - 20% - 10:08
4 - 16% - 10% - 8:01
Normal Defense
1 - 39% - 40% - 19:35
2 - 32% - 30% - 15:57
3 - 22% - 20% - 11:12
4 - 7% - 10% - 3:21
PP Forward
1 - 43% - 60% - 2:32
2 - 57% - 40% - 3:20
PP Defense
1 - 74% - 60% - 4:19
2 - 26% - 40% - 1:33
PK Forward
1 - 79% - 60% - 3:11
2 - 21% - 40% - 0:52
PK Defense
1 - 40% - 60% - 1:37
2 - 60% - 40% - 2:26
PK3 Forward
1 - 0% - 60%
2 - 0% - 40%
PK3 Defense
1 - 0% - 60%
2 - 0% - 40%
44 Forward
1 - 0% - 60%
2 - 0% - 40%
44 Defense
1 - 0% - 60%
2 - 0% - 40%
Last Minute Offensive  - 0:00
Last Minute Defensive  - 0:00
Total
Forward - 60:00
Defense - 60:00

% Time on Ice - Capitals

Lines # - Real PCT - Wanted PCT - Time Play
Normal Forward
1 - 35% - 40% - 17:27
2 - 28% - 30% - 14:14
3 - 20% - 20% - 10:00
4 - 17% - 10% - 8:24
Normal Defense
1 - 40% - 40% - 20:10
2 - 31% - 30% - 15:28
3 - 21% - 20% - 10:39
4 - 8% - 10% - 3:48
PP Forward
1 - 55% - 60% - 2:13
2 - 45% - 40% - 1:50
PP Defense
1 - 56% - 60% - 2:15
2 - 44% - 40% - 1:48
PK Forward
1 - 75% - 60% - 4:23
2 - 25% - 40% - 1:29
PK Defense
1 - 56% - 60% - 3:18
2 - 44% - 40% - 2:34
PK3 Forward
1 - 0% - 60%
2 - 0% - 40%
PK3 Defense
1 - 0% - 60%
2 - 0% - 40%
44 Forward
1 - 0% - 60%
2 - 0% - 40%
44 Defense
1 - 0% - 60%
2 - 0% - 40%
Last Minute Offensive  - 0:00
Last Minute Defensive  - 0:00
Total
Forward - 60:00
Defense - 60:00

Play-by-Play

1st period


0:01 of 1st period - Bo Horvat wins face-off versus Patrick Kane in neutral zone.
0:04 of 1st period - Patrick Kane is hit by John Klingberg and loses puck.
0:17 of 1st period - Snap shot by Taylor Hall.
0:17 of 1st period - Deflect By Patrick Kane.
0:17 of 1st period - Shot Blocked by Zach Werenski.
0:17 of 1st period - Puck is out of play.
0:18 of 1st period - Joe Colborne wins face-off versus Elias Pettersson in Maple Leafs zone.
0:35 of 1st period - Snap shot by Jason Zucker.
0:35 of 1st period - Shot Misses the Net.
0:45 of 1st period - Luke Schenn is hit by Blake Pietila.
0:49 of 1st period - Shea Theodore is hit by Brendan Guhle and loses puck.
1:37 of 1st period - Valentin Zykov is hit by Jeff Skinner and loses puck.
2:27 of 1st period - Icing by Brandon Burlon.
2:28 of 1st period - Bo Horvat wins face-off versus Cody Hodgson in Capitals zone.
2:31 of 1st period - Wrist shot by Bo Horvat.
2:31 of 1st period - Deflect By Blake Pietila.
2:31 of 1st period - Shot Blocked by Brandon Burlon.
2:31 of 1st period - Puck is out of play.
2:32 of 1st period - Nicklas Backstrom wins face-off versus Bo Horvat in Capitals zone.
2:32 of 1st period - Nicklas Backstrom is hit by Evander Kane.
3:03 of 1st period - Slapshot by Marko Dano.
3:03 of 1st period - Deflect By Evander Kane.
3:03 of 1st period - Stopped by Kristers Gudlevskis with a rebound.
3:05 of 1st period - Wrist shot by Joe Colborne.
3:05 of 1st period - Shot Misses the Net.
3:07 of 1st period - Wrist shot by Joe Colborne.
3:07 of 1st period - Shot Misses the Net.
3:49 of 1st period - Snap shot by Phil Kessel.
3:49 of 1st period - Stopped by Kristers Gudlevskis without a rebound.
3:50 of 1st period - Sergey Kalinin wins face-off versus Patrice Cormier in Maple Leafs zone.
3:53 of 1st period - Slapshot by Phil Kessel.
3:53 of 1st period - Shot Misses the Net.
3:59 of 1st period - Wrist shot by Phil Kessel.
3:59 of 1st period - Shot Blocked by Brandon Saad.
4:01 of 1st period - Wrist shot by Jeff Skinner.
4:01 of 1st period - Deflect By Phil Kessel.
4:01 of 1st period - Shot Misses the Net.
4:01 of 1st period - Puck is out of play.
4:02 of 1st period - Nicklas Backstrom wins face-off versus Jason Zucker in Maple Leafs zone.
4:56 of 1st period - Wrist shot by Blake Pietila.
4:56 of 1st period - Stopped by Kristers Gudlevskis without a rebound.
4:57 of 1st period - Cody Hodgson wins face-off versus Jason Zucker in Maple Leafs zone.
5:01 of 1st period - Minor Penalty to Elias Pettersson for Cross-checking.
5:02 of 1st period - Nicklas Backstrom wins face-off versus Bo Horvat in Maple Leafs zone.
5:06 of 1st period - Wrist shot by Nicklas Backstrom.
5:06 of 1st period - Goal by Nicklas Backstrom - Maple Leafs : 0 - Capitals : 1.
5:07 of 1st period - Bo Horvat wins face-off versus Taylor Hall in neutral zone.
5:34 of 1st period - Zach Werenski is hit by Marko Dano and loses puck.
5:41 of 1st period - Slapshot by Bobby Ryan.
5:41 of 1st period - Goal by Bobby Ryan - Maple Leafs : 0 - Capitals : 2.
5:42 of 1st period - Nicklas Backstrom wins face-off versus Elias Pettersson in neutral zone.
5:47 of 1st period - William Nylander is hit by Shea Theodore and loses puck.
6:16 of 1st period - Snap shot by Evander Kane.
6:16 of 1st period - Stopped by Cory Schneider with a rebound.
6:18 of 1st period - Slapshot by Zach Werenski.
6:18 of 1st period - Shot Blocked by Shea Theodore.
6:22 of 1st period - Snap shot by Andre Burakovsky.
6:22 of 1st period - Stopped by Cory Schneider with a rebound.
7:47 of 1st period - Wrist shot by Evander Kane.
7:47 of 1st period - Shot Blocked by Jeff Skinner.
7:49 of 1st period - Snap shot by Evander Kane.
7:49 of 1st period - Stopped by Cory Schneider without a rebound.
7:50 of 1st period - Patrice Cormier wins face-off versus Nicklas Backstrom in Capitals zone.
8:37 of 1st period - Snap shot by Marko Dano.
8:37 of 1st period - Stopped by Kristers Gudlevskis with a rebound.
9:21 of 1st period - Snap shot by Taylor Hall.
9:21 of 1st period - Stopped by Kristers Gudlevskis without a rebound.
9:22 of 1st period - Nicklas Backstrom wins face-off versus Bo Horvat in Maple Leafs zone.
9:27 of 1st period - Snap shot by Patrick Kane.
9:27 of 1st period - Shot Misses the Net.
9:29 of 1st period - Slapshot by Mike Green.
9:29 of 1st period - Stopped by Kristers Gudlevskis without a rebound.
9:30 of 1st period - Nicklas Backstrom wins face-off versus Bo Horvat in Maple Leafs zone.
9:41 of 1st period - Snap shot by Bo Horvat.
9:41 of 1st period - Stopped by Cory Schneider with a rebound.
10:31 of 1st period - Luke Schenn is hit by Patrick Kane and loses puck.
10:52 of 1st period - Andre Burakovsky is hit by Patrick Kane.
11:06 of 1st period - Snap shot by Patrick Kane.
11:06 of 1st period - Stopped by Kristers Gudlevskis without a rebound.
11:07 of 1st period - Elias Pettersson wins face-off versus Joe Colborne in Maple Leafs zone.
11:34 of 1st period - Pontus Aberg is hit by Nicolas Aube-Kubel and loses puck.
12:41 of 1st period - Wrist shot by Blake Pietila.
12:41 of 1st period - Stopped by Kristers Gudlevskis with a rebound.
13:03 of 1st period - Aleksi Saarela is hit by Sergey Kalinin.
13:36 of 1st period - Luke Schenn is hit by Cody Hodgson and loses puck.
14:29 of 1st period - Aleksi Saarela is hit by Patrick Kane and loses puck.
15:28 of 1st period - Sergey Kalinin is hit by William Nylander and loses puck.
15:41 of 1st period - Sergey Kalinin is hit by Nicholas Baptiste and loses puck.
15:47 of 1st period - Minor Penalty to Jeff Skinner for Slashing.
15:48 of 1st period - Patrick Kane wins face-off versus Bo Horvat in Capitals zone.
15:58 of 1st period - Snap shot by Evander Kane.
15:58 of 1st period - Shot Blocked by Shea Theodore.
16:17 of 1st period - Off-side.
16:18 of 1st period - Elias Pettersson wins face-off versus Patrick Kane in neutral zone.
16:25 of 1st period - Slapshot by Zach Werenski.
16:25 of 1st period - Deflect By Taylor Hall.
16:25 of 1st period - Stopped by Cory Schneider with a rebound.
16:41 of 1st period - Snap shot by Elias Pettersson.
16:41 of 1st period - Deflect By Bo Horvat.
16:41 of 1st period - Shot Blocked by Shea Theodore.
16:41 of 1st period - Puck is out of play.
16:42 of 1st period - Bo Horvat wins face-off versus Nicklas Backstrom in Capitals zone.
16:53 of 1st period - Snap shot by Evander Kane.
16:53 of 1st period - Shot Blocked by Colten Teubert.
17:11 of 1st period - Wrist shot by Taylor Hall.
17:11 of 1st period - Shot Misses the Net.
17:13 of 1st period - Wrist shot by Taylor Hall.
17:13 of 1st period - Stopped by Kristers Gudlevskis without a rebound.
17:14 of 1st period - Patrick Kane wins face-off versus Elias Pettersson in Maple Leafs zone.
17:47 of 1st period - Penalty to Jeff Skinner is over, Jeff Skinner is back on ice.
17:59 of 1st period - Slapshot by Mike Green.
17:59 of 1st period - Deflect By John Klingberg.
17:59 of 1st period - Stopped by Kristers Gudlevskis with a rebound.
18:01 of 1st period - Slapshot by Marko Dano.
18:01 of 1st period - Stopped by Kristers Gudlevskis with a rebound.
18:03 of 1st period - Wrist shot by Marko Dano.
18:03 of 1st period - Shot Blocked by John Klingberg.
18:05 of 1st period - Snap shot by Jeff Skinner.
18:05 of 1st period - Deflect By Marko Dano.
18:05 of 1st period - Shot Misses the Net.
18:05 of 1st period - Puck is out of play.
18:06 of 1st period - Cody Hodgson wins face-off versus Patrice Cormier in Maple Leafs zone.
18:13 of 1st period - Snap shot by Cody Hodgson.
18:13 of 1st period - Stopped by Kristers Gudlevskis with a rebound.
18:33 of 1st period - Haydn Fleury is hit by Alexei Marchenko and loses puck.
19:19 of 1st period - Shea Theodore is hit by Zach Werenski and loses puck.
19:36 of 1st period - Wrist shot by Taylor Hall.
19:36 of 1st period - Shot Misses the Net.
19:38 of 1st period - Wrist shot by Nicklas Backstrom.
19:38 of 1st period - Shot Misses the Net.
19:40 of 1st period - Slapshot by Alexei Marchenko.
19:40 of 1st period - Stopped by Kristers Gudlevskis with a rebound.
19:42 of 1st period - Slapshot by Alexei Marchenko.
19:42 of 1st period - Stopped by Kristers Gudlevskis without a rebound.
19:43 of 1st period - Bo Horvat wins face-off versus Joe Colborne in Maple Leafs zone.
Goals for this period are 0 for Maple Leafs vs 2 for Capitals.
Shots for this period are 5 for Maple Leafs vs 16 for Capitals.

2nd period


0:01 of 2nd period - Nicklas Backstrom wins face-off versus Bo Horvat in neutral zone.
0:28 of 2nd period - Slapshot by Marko Dano.
0:28 of 2nd period - Stopped by Kristers Gudlevskis without a rebound.
0:29 of 2nd period - Marko Dano wins face-off versus Elias Pettersson in Maple Leafs zone.
0:56 of 2nd period - Bobby Ryan is hit by Jason Zucker and loses puck.
1:27 of 2nd period - Zach Werenski is hit by Bobby Ryan and loses puck.
2:02 of 2nd period - Snap shot by Elias Pettersson.
2:02 of 2nd period - Stopped by Cory Schneider with a rebound.
2:04 of 2nd period - Snap shot by William Nylander.
2:04 of 2nd period - Deflect By Jason Zucker.
2:04 of 2nd period - Shot Misses the Net.
2:04 of 2nd period - Puck is out of play.
2:05 of 2nd period - Nicklas Backstrom wins face-off versus Bo Horvat in Capitals zone.
2:25 of 2nd period - Taylor Hall is hit by Evander Kane and loses puck.
3:04 of 2nd period - Snap shot by Aleksi Saarela.
3:04 of 2nd period - Shot Blocked by Sergey Kalinin.
3:06 of 2nd period - Snap shot by Nicholas Baptiste.
3:06 of 2nd period - Stopped by Cory Schneider without a rebound.
3:07 of 2nd period - Nicklas Backstrom wins face-off versus Aleksi Saarela in Capitals zone.
3:14 of 2nd period - Patrick Kane is hit by Zach Werenski and loses puck.
3:59 of 2nd period - Snap shot by Phil Kessel.
3:59 of 2nd period - Shot Blocked by Zach Werenski.
4:01 of 2nd period - Snap shot by Phil Kessel.
4:01 of 2nd period - Goal by Phil Kessel - Maple Leafs : 0 - Capitals : 3.
4:02 of 2nd period - Bo Horvat wins face-off versus Nicklas Backstrom in neutral zone.
4:36 of 2nd period - Slapshot by Blake Pietila.
4:36 of 2nd period - Stopped by Kristers Gudlevskis without a rebound.
4:37 of 2nd period - Joe Colborne wins face-off versus Bo Horvat in Maple Leafs zone.
5:13 of 2nd period - Zach Werenski is hit by Taylor Hall and loses puck.
6:09 of 2nd period - Aleksi Saarela is hit by Phil Kessel and loses puck.
6:43 of 2nd period - Minor Penalty to Mike Green for Tripping.
6:44 of 2nd period - Patrick Kane wins face-off versus Bo Horvat in Capitals zone.
6:58 of 2nd period - Wrist shot by Andre Burakovsky.
6:58 of 2nd period - Shot Misses the Net.
7:00 of 2nd period - Slapshot by John Klingberg.
7:00 of 2nd period - Goal by John Klingberg - Maple Leafs : 1 - Capitals : 3.
7:01 of 2nd period - Nicklas Backstrom wins face-off versus Bo Horvat in neutral zone.
7:10 of 2nd period - Snap shot by Nicklas Backstrom.
7:10 of 2nd period - Shot Misses the Net.
7:35 of 2nd period - Jason Zucker is hit by Marko Dano and loses puck.
7:42 of 2nd period - Slapshot by Zach Werenski.
7:42 of 2nd period - Stopped by Cory Schneider without a rebound.
7:43 of 2nd period - Patrice Cormier wins face-off versus Blake Pietila in Capitals zone.
8:08 of 2nd period - Brendan Guhle is hit by Patrick Kane and loses puck.
8:13 of 2nd period - Snap shot by Taylor Hall.
8:13 of 2nd period - Stopped by Kristers Gudlevskis without a rebound.
8:14 of 2nd period - Nicklas Backstrom wins face-off versus Bo Horvat in Maple Leafs zone.
8:41 of 2nd period - John Klingberg is hit by Taylor Hall and loses puck.
9:04 of 2nd period - Snap shot by Evander Kane.
9:04 of 2nd period - Deflect By Bo Horvat.
9:04 of 2nd period - Shot Misses the Net.
9:04 of 2nd period - Puck is out of play.
9:05 of 2nd period - Joe Colborne wins face-off versus Elias Pettersson in Capitals zone.
9:49 of 2nd period - Icing by Cody Hodgson.
9:50 of 2nd period - Aleksi Saarela wins face-off versus Sergey Kalinin in Capitals zone.
9:52 of 2nd period - Minor Penalty to Zach Werenski for Tripping.
9:53 of 2nd period - Bo Horvat wins face-off versus Nicklas Backstrom in Maple Leafs zone.
10:09 of 2nd period - Snap shot by Taylor Hall.
10:09 of 2nd period - Stopped by Kristers Gudlevskis with a rebound.
10:19 of 2nd period - Luke Schenn is hit by Mike Green and loses puck.
10:52 of 2nd period - Slapshot by Elias Pettersson.
10:52 of 2nd period - Stopped by Cory Schneider without a rebound.
10:53 of 2nd period - Elias Pettersson wins face-off versus Nicklas Backstrom in Capitals zone.
11:19 of 2nd period - Snap shot by Marko Dano.
11:19 of 2nd period - Shot Misses the Net.
11:47 of 2nd period - William Nylander is hit by Bobby Ryan and loses puck.
11:52 of 2nd period - Penalty to Zach Werenski is over, Zach Werenski is back on ice.
12:05 of 2nd period - Minor Penalty to Colten Teubert for Interference.
12:06 of 2nd period - Patrick Kane wins face-off versus Bo Horvat in Capitals zone.
12:23 of 2nd period - Off-side.
12:24 of 2nd period - Patrick Kane wins face-off versus Elias Pettersson in neutral zone.
12:54 of 2nd period - Jason Zucker is hit by Nicklas Backstrom and loses puck.
13:42 of 2nd period - Slapshot by John Klingberg.
13:42 of 2nd period - Goal by John Klingberg - Maple Leafs : 2 - Capitals : 3.
13:43 of 2nd period - Joe Colborne wins face-off versus Bo Horvat in neutral zone.
13:59 of 2nd period - Wrist shot by Evander Kane.
13:59 of 2nd period - Shot Misses the Net.
14:09 of 2nd period - Snap shot by Nicholas Baptiste.
14:09 of 2nd period - Stopped by Cory Schneider without a rebound.
14:10 of 2nd period - Aleksi Saarela wins face-off versus Nicklas Backstrom in Capitals zone.
14:45 of 2nd period - Snap shot by Evander Kane.
14:45 of 2nd period - Stopped by Cory Schneider without a rebound.
14:46 of 2nd period - Elias Pettersson wins face-off versus Nicklas Backstrom in Capitals zone.
14:55 of 2nd period - Backhand shot by William Nylander.
14:55 of 2nd period - Deflect By Elias Pettersson.
14:55 of 2nd period - Shot Blocked by Taylor Hall.
14:55 of 2nd period - Puck is out of play.
14:56 of 2nd period - Elias Pettersson wins face-off versus Patrick Kane in Capitals zone.
15:01 of 2nd period - Backhand shot by William Nylander.
15:01 of 2nd period - Stopped by Cory Schneider without a rebound.
15:02 of 2nd period - Bo Horvat wins face-off versus Patrick Kane in Capitals zone.
15:07 of 2nd period - Slapshot by Evander Kane.
15:07 of 2nd period - Shot Misses the Net.
15:39 of 2nd period - Wrist shot by William Nylander.
15:39 of 2nd period - Shot Blocked by Joe Colborne.
15:41 of 2nd period - Slapshot by Zach Werenski.
15:41 of 2nd period - Stopped by Cory Schneider with a rebound.
15:59 of 2nd period - Snap shot by Nicolas Aube-Kubel.
15:59 of 2nd period - Stopped by Kristers Gudlevskis without a rebound.
16:00 of 2nd period - Nicklas Backstrom wins face-off versus Bo Horvat in Maple Leafs zone.
16:03 of 2nd period - Wrist shot by Patrick Kane.
16:03 of 2nd period - Stopped by Kristers Gudlevskis with a rebound.
16:34 of 2nd period - Snap shot by Evander Kane.
16:34 of 2nd period - Shot Blocked by Shea Theodore.
16:36 of 2nd period - Backhand shot by Jon Merrill.
16:36 of 2nd period - Deflect By Evander Kane.
16:36 of 2nd period - Stopped by Cory Schneider with a rebound.
16:38 of 2nd period - Slapshot by Jon Merrill.
16:38 of 2nd period - Stopped by Cory Schneider with a rebound.
16:40 of 2nd period - Wrist shot by Andre Burakovsky.
16:40 of 2nd period - Stopped by Cory Schneider with a rebound.
16:42 of 2nd period - Snap shot by Bo Horvat.
16:42 of 2nd period - Maple Leafs goal is going for a video replay.
16:42 of 2nd period - The goal is good.
16:42 of 2nd period - Goal by Bo Horvat - Maple Leafs : 3 - Capitals : 3.
16:43 of 2nd period - Joe Colborne wins face-off versus Elias Pettersson in neutral zone.
16:56 of 2nd period - Wrist shot by Joe Colborne.
16:56 of 2nd period - Shot Misses the Net.
16:58 of 2nd period - Slapshot by Alexei Marchenko.
16:58 of 2nd period - Stopped by Kristers Gudlevskis with a rebound.
17:00 of 2nd period - Slapshot by Alexei Marchenko.
17:00 of 2nd period - Shot Misses the Net.
17:41 of 2nd period - Slapshot by Pontus Aberg.
17:41 of 2nd period - Stopped by Cory Schneider with a rebound.
18:19 of 2nd period - Elias Pettersson is hit by Alexei Marchenko and loses puck.
18:31 of 2nd period - Icing by William Nylander.
18:32 of 2nd period - Bo Horvat wins face-off versus Cody Hodgson in Maple Leafs zone.
18:32 of 2nd period - Bo Horvat is hit by Brandon Gormley.
19:04 of 2nd period - Slapshot by Elias Pettersson.
19:04 of 2nd period - Stopped by Cory Schneider with a rebound.
19:06 of 2nd period - Slapshot by Haydn Fleury.
19:06 of 2nd period - Shot Blocked by Brandon Gormley.
19:08 of 2nd period - Wrist shot by Elias Pettersson.
19:08 of 2nd period - Shot Misses the Net.
19:10 of 2nd period - Snap shot by Elias Pettersson.
19:10 of 2nd period - Stopped by Cory Schneider with a rebound.
19:23 of 2nd period - Off-side.
19:24 of 2nd period - Patrice Cormier wins face-off versus Joe Colborne in neutral zone.
19:48 of 2nd period - Wrist shot by Bobby Ryan.
19:48 of 2nd period - Deflect By Joe Colborne.
19:48 of 2nd period - Stopped by Kristers Gudlevskis with a rebound.
19:50 of 2nd period - Slapshot by Brandon Burlon.
19:50 of 2nd period - Stopped by Kristers Gudlevskis with a rebound.
Goals for this period are 3 for Maple Leafs vs 1 for Capitals.
Shots for this period are 17 for Maple Leafs vs 10 for Capitals.

3rd period


0:01 of 3rd period - Bo Horvat wins face-off versus Nicklas Backstrom in neutral zone.
0:04 of 3rd period - Nicklas Backstrom is hit by Evander Kane and loses puck.
0:27 of 3rd period - Zach Werenski is hit by Joe Colborne and loses puck.
0:48 of 3rd period - Zach Werenski is hit by Jeff Skinner and loses puck.
1:01 of 3rd period - Snap shot by Jeff Skinner.
1:01 of 3rd period - Deflect By Phil Kessel.
1:01 of 3rd period - Stopped by Kristers Gudlevskis with a rebound.
2:01 of 3rd period - Snap shot by John Klingberg.
2:01 of 3rd period - Stopped by Cory Schneider with a rebound.
2:03 of 3rd period - Slapshot by John Klingberg.
2:03 of 3rd period - Shot Misses the Net.
2:05 of 3rd period - Slapshot by Valentin Zykov.
2:05 of 3rd period - Shot Misses the Net.
2:27 of 3rd period - Backhand shot by Jeff Skinner.
2:27 of 3rd period - Shot Misses the Net.
2:29 of 3rd period - Minor Penalty to Luke Schenn for Hooking.
2:30 of 3rd period - Taylor Hall wins face-off versus Evander Kane in Maple Leafs zone.
2:57 of 3rd period - Jon Merrill is hit by Colten Teubert and loses puck.
3:23 of 3rd period - Jason Zucker is hit by Patrick Kane and loses puck.
3:52 of 3rd period - Patrick Kane is hit by Elias Pettersson and loses puck.
4:29 of 3rd period - Penalty to Luke Schenn is over, Luke Schenn is back on ice.
4:48 of 3rd period - Shea Theodore is hit by Jon Merrill and loses puck.
5:07 of 3rd period - Jeff Skinner is hit by Pontus Aberg and loses puck.
6:02 of 3rd period - William Nylander is hit by Cody Hodgson and loses puck.
6:13 of 3rd period - Jon Merrill is hit by Nicklas Backstrom and loses puck.
6:31 of 3rd period - Icing by Cody Hodgson.
6:32 of 3rd period - Aleksi Saarela wins face-off versus Cody Hodgson in Capitals zone.
6:33 of 3rd period - Snap shot by Nicholas Baptiste.
6:33 of 3rd period - Shot Blocked by Nicolas Aube-Kubel.
7:05 of 3rd period - Wrist shot by Patrick Kane.
7:05 of 3rd period - Stopped by Kristers Gudlevskis without a rebound.
7:06 of 3rd period - Nicklas Backstrom wins face-off versus Elias Pettersson in Maple Leafs zone.
7:29 of 3rd period - Jason Zucker is hit by Patrick Kane and loses puck.
7:58 of 3rd period - Snap shot by Patrick Kane.
7:58 of 3rd period - Deflect By Elias Pettersson.
7:58 of 3rd period - Stopped by Kristers Gudlevskis without a rebound.
7:59 of 3rd period - Joe Colborne wins face-off versus Bo Horvat in Maple Leafs zone.
8:02 of 3rd period - Snap shot by Joe Colborne.
8:02 of 3rd period - Stopped by Kristers Gudlevskis without a rebound.
8:03 of 3rd period - Bo Horvat wins face-off versus Joe Colborne in Maple Leafs zone.
8:13 of 3rd period - Brandon Burlon is hit by Evander Kane and loses puck.
8:19 of 3rd period - Off-side.
8:20 of 3rd period - Nicklas Backstrom wins face-off versus Patrice Cormier in neutral zone.
8:54 of 3rd period - Bo Horvat is hit by Colten Teubert and loses puck.
9:14 of 3rd period - Cody Hodgson is hit by William Nylander and loses puck.
10:03 of 3rd period - Mike Green is hit by Zach Werenski and loses puck.
10:26 of 3rd period - Slapshot by Zach Werenski.
10:26 of 3rd period - Deflect By Mike Green.
10:26 of 3rd period - Goal by Zach Werenski - Maple Leafs : 4 - Capitals : 3.
10:27 of 3rd period - Nicklas Backstrom wins face-off versus Bo Horvat in neutral zone.
10:54 of 3rd period - Joe Colborne is hit by Jason Zucker and loses puck.
11:00 of 3rd period - Icing by Shea Theodore.
11:01 of 3rd period - William Nylander wins face-off versus Joe Colborne in Capitals zone.
11:06 of 3rd period - Slapshot by Elias Pettersson.
11:06 of 3rd period - Shot Misses the Net.
11:28 of 3rd period - Bo Horvat is hit by Shea Theodore and loses puck.
11:51 of 3rd period - Slapshot by Phil Kessel.
11:51 of 3rd period - Stopped by Kristers Gudlevskis with a rebound.
11:53 of 3rd period - Snap shot by Jeff Skinner.
11:53 of 3rd period - Shot Misses the Net.
11:59 of 3rd period - Wrist shot by Phil Kessel.
11:59 of 3rd period - Shot Misses the Net.
12:01 of 3rd period - Wrist shot by Mike Green.
12:01 of 3rd period - Stopped by Kristers Gudlevskis without a rebound.
12:02 of 3rd period - Nicklas Backstrom wins face-off versus Elias Pettersson in Maple Leafs zone.
12:29 of 3rd period - Luke Schenn is hit by Mike Green and loses puck.
12:55 of 3rd period - Snap shot by Aleksi Saarela.
12:55 of 3rd period - Shot Misses the Net.
12:59 of 3rd period - Wrist shot by Valentin Zykov.
12:59 of 3rd period - Stopped by Cory Schneider with a rebound.
13:21 of 3rd period - Snap shot by Evander Kane.
13:21 of 3rd period - Stopped by Cory Schneider without a rebound.
13:22 of 3rd period - Nicklas Backstrom wins face-off versus Elias Pettersson in Capitals zone.
13:37 of 3rd period - Wrist shot by William Nylander.
13:37 of 3rd period - Shot Blocked by Alexei Marchenko.
13:39 of 3rd period - Snap shot by William Nylander.
13:39 of 3rd period - Goal by William Nylander - Maple Leafs : 5 - Capitals : 3.
13:40 of 3rd period - Bo Horvat wins face-off versus Nicklas Backstrom in neutral zone.
13:47 of 3rd period - Wrist shot by Evander Kane.
13:47 of 3rd period - Deflect By Bo Horvat.
13:47 of 3rd period - Stopped by Cory Schneider with a rebound.
13:49 of 3rd period - Slapshot by Zach Werenski.
13:49 of 3rd period - Shot Blocked by Alexei Marchenko.
13:51 of 3rd period - Slapshot by John Klingberg.
13:51 of 3rd period - Shot Blocked by Alexei Marchenko.
13:53 of 3rd period - Wrist shot by Andre Burakovsky.
13:53 of 3rd period - Stopped by Cory Schneider with a rebound.
13:55 of 3rd period - Snap shot by Evander Kane.
13:55 of 3rd period - Shot Misses the Net.
13:57 of 3rd period - Snap shot by Andre Burakovsky.
13:57 of 3rd period - Deflect By Evander Kane.
13:57 of 3rd period - Stopped by Cory Schneider with a rebound.
14:56 of 3rd period - Slapshot by Shea Theodore.
14:56 of 3rd period - Shot Misses the Net.
14:58 of 3rd period - Slapshot by Alexei Marchenko.
14:58 of 3rd period - Stopped by Kristers Gudlevskis without a rebound.
14:59 of 3rd period - Nicklas Backstrom wins face-off versus Bo Horvat in Maple Leafs zone.
15:08 of 3rd period - Wrist shot by Patrick Kane.
15:08 of 3rd period - Stopped by Kristers Gudlevskis without a rebound.
15:09 of 3rd period - Nicklas Backstrom wins face-off versus Bo Horvat in Maple Leafs zone.
15:46 of 3rd period - Snap shot by Andre Burakovsky.
15:46 of 3rd period - Deflect By Evander Kane.
15:46 of 3rd period - Stopped by Cory Schneider without a rebound.
15:47 of 3rd period - Cody Hodgson wins face-off versus Patrice Cormier in Capitals zone.
16:00 of 3rd period - Snap shot by Pontus Aberg.
16:00 of 3rd period - Shot Blocked by Alexei Marchenko.
16:02 of 3rd period - Snap shot by Zach Werenski.
16:02 of 3rd period - Deflect By Patrice Cormier.
16:02 of 3rd period - Stopped by Cory Schneider without a rebound.
16:03 of 3rd period - Elias Pettersson wins face-off versus Joe Colborne in Capitals zone.
16:30 of 3rd period - Blake Pietila is hit by John Klingberg and loses puck.
16:39 of 3rd period - Wrist shot by Brandon Saad.
16:39 of 3rd period - Shot Misses the Net.
16:41 of 3rd period - Backhand shot by Pontus Aberg.
16:41 of 3rd period - Stopped by Cory Schneider with a rebound.
16:55 of 3rd period - Wrist shot by Taylor Hall.
16:55 of 3rd period - Shot Misses the Net.
16:57 of 3rd period - Snap shot by Nicklas Backstrom.
16:57 of 3rd period - Shot Misses the Net.
17:49 of 3rd period - Slapshot by Andre Burakovsky.
17:49 of 3rd period - Stopped by Cory Schneider without a rebound.
17:49 of 3rd period - Minor Penalty to Cory Schneider for Slashing.
17:50 of 3rd period - William Nylander wins face-off versus Taylor Hall in Capitals zone.
18:55 of 3rd period - Andre Burakovsky is hit by Cody Hodgson and loses puck.
19:33 of 3rd period - Cody Hodgson is hit by Brandon Saad and loses puck.
19:49 of 3rd period - Penalty to Bobby Ryan is over, Bobby Ryan is back on ice.
19:57 of 3rd period - Nicholas Baptiste is hit by Colten Teubert and loses puck.
Goals for this period are 2 for Maple Leafs vs 0 for Capitals.
Shots for this period are 12 for Maple Leafs vs 8 for Capitals.